 Dungeon Sprint DCSS version 0.31-a0-460-g9e667d4245 (webtiles) character file.

Game seed: 16034335151277081959

522 rocky1 the Martial Artist (level 7, -4/43 HPs)
             Began as an Octopode Shapeshifter on Aug 5, 2023.
             Was an Initiate of Gozag.
             Killed from afar by a gargoyle (23 damage)
             ... with a stone arrow
             ... in the Dungeon (Sprint IX: "|||||||||||||||||||||||||||||").
             The game lasted 00:00:44 (335 turns).

rocky1 the Martial Artist (Octopode Shapeshifter)    Turns: 335, Time: 00:00:45

Health: -4/43      AC:  1    Str: 14    XL:     7   Next: 22%
Magic:  7/7        EV: 16    Int: 14    God:    Gozag
Gold:   0          SH:  0    Dex: 17    Spells: 6/6 levels left

rFire   . .          .
                       - Unarmed
rCold   . . .        (no shield)
rNeg    . . .        (helmet currently unavailable)
rPois   .            (no amulet)
rElec   .            l - +3 ring of intelligence
rCorr   .            m - +3 ring of dexterity
SInv    .            (no ring)
Will    .....        (no ring)
Stlth   ++++         (no ring)
HPRegen 0.27/turn    (no ring)
MPRegen 0.10/turn    (no ring)
                     (no ring)

%: no teleportation
@: beast-form, gold aura
A: beast (slay +6), almost no armour, amphibious, 8 rings, camouflage 1,
gelatinous body 1, (nimble swimmer 1), tentacles
a: Begin Untransformation, Renounce Religion, Potion Petition, Call Merchant,
Bribe Branch


You were in the Dungeon.
You worshipped Gozag.
Gozag was noncommittal.
You were a hulking beast.
You visited 1 branch

Inventory:

Jewellery
 l - a +3 ring of intelligence (left tentacle)
 m - a +3 ring of dexterity (right tentacle)
Talismans
 b - a beast talisman (active)
Wands
 k - a wand of quicksilver (10)
Scrolls
 h - 2 scrolls of blinking
 j - 2 scrolls of amnesia
Potions
 c - 5 potions of curing
 d - 3 potions of heal wounds
 e - a potion of haste
 f - 4 potions of magic
 g - a potion of berserk rage
 i - a potion of invisibility


   Skills:
 + Level 1.6 Fighting
 + Level 5.4 Dodging
 + Level 5.8 Stealth
 + Level 9.7 Unarmed Combat
 + Level 8.8 Shapeshifting


You had 6 spell levels left.
You didn't know any spells.
Your spell library was empty.

Dungeon Overview and Level Annotations

Branches:
Dungeon (1/1)

Altars:
Cheibriados
Dithmenos
Elyvilon
Fedhas
Gozag
Hepliaklqana
Kikubaaqudgha
Makhleb
Nemelex Xobeh
Okawaru
Qazlal
Ru
Sif Muna
Trog
Uskayaw
Vehumet
Wu Jian
Xom
Yredelemnul
Zin
The Shining One
Jiyva
Lugonu


Innate Abilities, Weirdness & Mutations

You are a hulking beast.
Your limbs bulge with bestial killing power. (Slay +6)
You cannot wear most types of armour.
You are amphibious.
You can wear up to eight rings at the same time.
Your skin changes colour to match your surroundings (Stealth+).
Your rubbery body absorbs attacks. (AC +1, EV +1)
((You are camouflaged when in or above water. (Stealth+)))
You have tentacles for arms and can constrict up to eight enemies at once.


Message History

The kobold demonologist is severely wounded.
The centaur is no longer distracted by gold.
The kobold demonologist hits you but does no damage.
You completely miss the kobold demonologist.
The kobold demonologist is severely wounded.
The kobold demonologist hits you but does no damage.
You hit the kobold demonologist but do no damage.
The kobold demonologist is severely wounded.
The kobold demonologist hits you but does no damage.
You smack the kobold demonologist!
You kill the kobold demonologist!
Your Dodging skill increases to level 5!
Your Stealth skill increases to level 5!
Your Unarmed Combat skill increases to level 9!
Your Shapeshifting skill increases to level 8!
You have reached level 7!
You hit the gargoyle but do no damage.
You feel less wooden.
You turn into a hulking beast.
The gargoyle hits you with a +0 mace!!
Ouch! That really hurt!
You tentacle-slap the gargoyle but do no damage.
You grab the gargoyle. You constrict the gargoyle.
The gargoyle barely misses you.
You tentacle-slap the gargoyle.
The gargoyle is lightly damaged.
You constrict the gargoyle, but do no damage.
The gargoyle misses you.
You bludgeon the gargoyle!
The gargoyle is heavily damaged.
You constrict the gargoyle, but do no damage.
The gargoyle misses you.
You bludgeon the gargoyle! You tentacle-slap the gargoyle.
You squeeze the gargoyle, but do no damage.
The gargoyle is almost destroyed.
You constrict the gargoyle.
The gargoyle hurls a stone arrow at you.
The stone arrow hits you!!
Ouch! That really hurt!
You die...
Your body crumbles into a pile of gold.

▓+▓
$
▓.▓
$
▓.▓
$ $
▓.▓
$
▓c▓
$
▓K▓
▓9▓
$
▓h▓
▓.▓
$
▓.▓
▓[▓
$
▓[▓
▓[▓
$
▓.▓
$
▓)▓
$
▓.▓


You could see a gargoyle, a kobold brigand and a centaur.

Vanquished Creatures
  A kobold demonologist (D)
  A yak (D)
  A kobold brigand (D)
  A hound (D)
  An iguana (D)
  A worm (D)
  A dart slug (D)
  An orc (D)
  A jackal (D)
  2 bats (D)
  A kobold (D)
  A rat (D)
13 creatures vanquished.

Notes
Turn   | Place    | Note
-------+----------+-------------------------------------------
     0 | D        | rocky1 the Octopode Shapeshifter began the quest for the
                  | Orb.
     0 | D        | Reached XP level 1. HP: 13/13 MP: 1/1
    14 | D        | Reached skill level 1 in Stealth
    19 | D        | Noticed an iguana
    19 | D        | Noticed a hound
    24 | D        | Reached skill level 4 in Unarmed Combat
    24 | D        | Reached XP level 2. HP: 12/18 MP: 2/2
    27 | D        | Reached skill level 5 in Unarmed Combat
    27 | D        | Reached XP level 3. HP: 16/23 MP: 3/3
    32 | D        | Reached skill level 5 in Shapeshifting
    32 | D        | Reached XP level 4. HP: 21/28 MP: 4/4
   261 | D        | Found a snail-covered altar of Cheibriados.
   261 | D        | Found a shadowy altar of Dithmenos.
   261 | D        | Found a white marble altar of Elyvilon.
   261 | D        | Found a blossoming altar of Fedhas.
   261 | D        | Found an opulent altar of Gozag.
   262 | D        | Found a hazy altar of Hepliaklqana.
   263 | D        | Found a viscous altar of Jiyva.
   264 | D        | Found an ancient bone altar of Kikubaaqudgha.
   265 | D        | Found a corrupted altar of Lugonu.
   266 | D        | Found a burning altar of Makhleb.
   267 | D        | Found a sparkling altar of Nemelex Xobeh.
   268 | D        | Found an iron altar of Okawaru.
   269 | D        | Became a worshipper of Gozag Ym Sagoz the Greedy
   270 | D        | Found a stormy altar of Qazlal.
   271 | D        | Found a sacrificial altar of Ru.
   272 | D        | Found a shimmering blue altar of Sif Muna.
   273 | D        | Found a bloodstained altar of Trog.
   274 | D        | Found a hide-covered altar of Uskayaw.
   275 | D        | Found a radiant altar of Vehumet.
   276 | D        | Found an ornate altar of the Wu Jian Council.
   277 | D        | Found a shimmering altar of Xom.
   278 | D        | Found a basalt altar of Yredelemnul.
   279 | D        | Found a glowing silver altar of Zin.
   280 | D        | Found a glowing golden altar of the Shining One.
   306 | D        | Noticed a centaur
   306 | D        | Noticed a kobold brigand
   306 | D        | Noticed a gargoyle
   306 | D        | Noticed a kobold demonologist
   306 | D        | Noticed a yak
   306 | D        | Noticed a kobold brigand
   315 | D        | Killed a kobold brigand
   316 | D        | Reached skill level 6 in Unarmed Combat
   316 | D        | Reached XP level 5. HP: 33/33 MP: 5/5
   320 | D        | Killed a yak
   321 | D        | Reached skill level 8 in Unarmed Combat
   321 | D        | Reached XP level 6. HP: 38/38 MP: 6/6
   329 | D        | Killed a kobold demonologist
   330 | D        | Reached skill level 5 in Dodging
   330 | D        | Reached skill level 5 in Stealth
   330 | D        | Reached skill level 9 in Unarmed Combat
   330 | D        | Reached XP level 7. HP: 43/43 MP: 7/7
   335 | D        | Killed from afar by a gargoyle

Illustrated notes

Levels and vault maps discovered:
D:        linesprint [early_d, line_temple, items_1, d_10, items_2, lair_1,
          lair_end, items_3, orc_1, orc_end, items_4, d_15, swamp_1, shoals_1,
          snake_1, spider_1, d_20, vaults_1, items_5, swamp_end, shoals_end,
          snake_end, spider_end, vaults_end, d_27, items_6, zot_1, zot_end,
          crypt_end, forest_end, elf_end, slime_end, tomb_end, abyss_end,
          pan_hell_end]

Skill      XL: |  1  2  3  4  5  6 |
---------------+-------------------+-----
Stealth        | 1 2 3 4 5 |  5.8
Unarmed Combat | 4 5 6 8 9 |  9.7
Shapeshifting  | 4 5 6 7 8 |  8.8
Dodging        | 3 4 5 |  5.4
Fighting       | |  1.6

Action                     |  1- 3 |  4- 6 |  7- 9 || total
---------------------------+-------+-------+-------++-------
  Melee: Unarmed           |    20 |    19 |     5 ||    44
         Constrict         |     8 |     1 |     1 ||    10
         Tentacles         |     3 |     1 |     1 ||     5
         Punch             |       |     2 |     1 ||     3
    Use: Potion            |       |     1 |       ||     1
   Stab: Sleeping          |     1 |       |       ||     1
 Armour: Skin              |     1 |    10 |       ||    11
  Dodge: Dodged            |    14 |     1 |     3 ||    18

Table legend: (Time is in decaauts)
 A = Elapsed time spent in this place.
 B = Non-inter-level travel time spent in this place.
 C = Inter-level travel time spent in this place.
 D = Time resting spent in this place.
 E = Time spent auto-exploring this place.
 F = Levels seen in this place.
 G = Mean time per level.
                   A        B        C        D        E       F      G
               +--------+--------+--------+--------+--------+-----+--------+
         Total |    329 |    329 |      0 |    222 |      0 |   1 |  329.0 |
       Dungeon |    329 |    329 |      0 |    222 |      0 |   1 |  329.0 |
               +--------+--------+--------+--------+--------+-----+--------+

Top non-repeatable levels by time:
       D: 329 daAuts
